 Dungeon Crawl Stone Soup version 0.30-a0-1161-g0704695555 (webtiles) character file.

Game seed: 4396196026912666300

412 jimonade the Ruffian (level 6, -6/61 HPs)
             Began as a Troll Monk on Apr 27, 2023.
             Was an Initiate of Ru.
             Mangled by a hornet (15 damage)
             ... on level 5 of the Dungeon.
             The game lasted 00:05:51 (3282 turns).

jimonade the Ruffian (Troll Monk)                   Turns: 3282, Time: 00:05:52

Health: -6/61      AC:  4    Str: 20    XL:     6   Next: 59%
Magic:  5/5        EV: 15    Int:  8    God:    Ru [......]
Gold:   224        SH:  0    Dex: 12    Spells: 5/5 levels left

rFire   . .          .
                       - Unarmed
rCold   . . .        c - orb {light}
rNeg    . . .        a - +0 robe
rPois   .            (helmet restricted)
rElec   .            (no cloak)
rCorr   .            (gloves unavailable)
SInv    .            (boots unavailable)
Will    .....        (no amulet) Stlth
                     n - +5 ring of evasion
HPRegen 1.10/turn    (no ring)
MPRegen 0.09/turn

%: no passive effects
@: slowed, glowing, very slow
A: large, unfitting armour, claws 3, regeneration 1, shaggy fur 1, tough skin 1,
no stealth
a: Renounce Religion


You were on level 5 of the Dungeon.
You worshipped Ru.
Ru was noncommittal.
You visited 1 branch of the dungeon, and saw 5 of its levels.

You collected 224 gold pieces.

Inventory:

Missiles
 d - 48 stones (quivered)
 k - 5 poisoned darts
Armour
 a - a +0 robe (worn)
 c - an orb of light (worn)
Jewellery
 n - a +5 ring of evasion (left claw)
Scrolls
 e - 4 scrolls of vulnerability {unknown}
 g - 6 scrolls of identify {unknown}
 h - 2 scrolls of enchant weapon {unknown}
 j - a scroll of acquirement {unknown}
 m - 6 scrolls of teleportation {unknown}
 o - a scroll of poison {unknown}
 p - a scroll of torment {unknown}
 q - a scroll of blinking {unknown}
 r - 4 scrolls of fog {unknown}
 t - a scroll of silence {unknown}
 v - a scroll of noise {unknown}
Potions
 b - a potion of ambrosia
 f - a potion of magic {unknown}
 i - 3 potions of haste {unknown}
 l - 2 potions of might {unknown}
 s - 2 potions of brilliance
 u - 2 potions of attraction {unknown}
 w - a potion of berserk rage {unknown}
 x - a potion of curing {unknown}


   Skills:
 + Level 3.2 Fighting
 + Level 3.6 Dodging
 + Level 6.1 Unarmed Combat


You had 5 spell levels left.
You didn't know any spells.
Your spell library contained the following spells:

 Spells                   Type           Power      Damage    Failure   Level
 Freeze                   Ice            0%         1d3       41%         1
 Frozen Ramparts          Ice            0%         1d1       78%         3
 Hailstorm                Conj/Ice       0%         3d3       78%         3


Dungeon Overview and Level Annotations

Branches:
Dungeon (5/15)
 Temple: D:4-7

Altars:
Cheibriados
Fedhas
Nemelex Xobeh
Ru
Trog

Annotations:
D:3 3 runed translucent doors, hgbash's ghost, amateur GrCj


Innate Abilities, Weirdness & Mutations

You are too large for most types of armour.
You have claws for hands.
Your natural rate of healing is unusually fast.
You are covered in fur. (AC +1)
You have tough skin. (AC +1)
You cannot be stealthy.


Message History

The hornet stings you!
You feel yourself slow down.
You scratch the hornet.
The hornet is lightly wounded.
The hornet stings you.
You feel as though you will be slow longer.
The hornet stings you!
You feel as though you will be slow longer.
You scratch the hornet.
The hornet is lightly wounded.
The hornet completely misses you. The hornet stings you.
You feel as though you will be slow longer.
You scratch the hornet but do no damage.
The hornet is lightly wounded.
The hornet barely misses you. x2
You barely miss the hornet.
The hornet is lightly wounded.
The hornet stings you!
You feel as though you will be slow longer.
The hornet stings you!
* * * LOW HITPOINT WARNING * * *
You feel as though you will be slow longer.
You scratch the hornet.
The hornet is moderately wounded.
The hornet stings you but does no damage.
You barely miss the hornet.
The hornet is moderately wounded.
The hornet stings you!
* * * LOW HITPOINT WARNING * * *
You feel as though you will be slow longer.
The hornet barely misses you.
You barely miss the hornet.
The hornet is moderately wounded.
The hornet barely misses you. x2
You claw the hornet!
The hornet is severely wounded.
The hornet barely misses you. The hornet closely misses you.
You claw the hornet!
The hornet is almost dead.
The hornet barely misses you. The hornet stings you!
You die...

####### #######
##......# #.....#
##........ #.###.##
#......$.. ..#
#..############.........
.##
##...†......@y..........
##
##############.........
#..............
##............!
##############
#..............
......<.......
..y............
##############
##.!............
#........$.....
.y......[......


You could see a hornet.

Vanquished Creatures
  A black bear (D:5)
  2 orc priests
  A jelly (D:5)
  Terence (D:3)
  2 iguanas
  An orc wizard (D:4)
  4 adders (D:2)
  6 dart slugs
  A worm (D:2)
  8 orcs
  3 ball pythons
  5 bats
  8 endoplasms
  6 giant cockroaches
  5 goblins
  7 hobgoblins
  5 quokkas
  5 frilled lizards
  7 kobolds
  4 rats
82 creatures vanquished.

Notes
Turn   | Place    | Note
-------+----------+-------------------------------------------
     0 | D:1      | jimonade the Troll Monk began the quest for the Orb.
     0 | D:1      | Reached XP level 1. HP: 22/22 MP: 0/0
   157 | D:1      | Reached XP level 2. HP: 27/29 MP: 1/1
   495 | D:1      | Reached XP level 3. HP: 36/36 MP: 2/2
   584 | D:1      | Found a faded altar of an unknown god.
  1035 | D:2      | Reached skill level 4 in Unarmed Combat
  1089 | D:2      | Reached XP level 4. HP: 44/44 MP: 3/3
  1795 | D:3      | Noticed Terence
  1803 | D:3      | Killed Terence
  1893 | D:3      | Reached XP level 5. HP: 53/53 MP: 4/4
  1901 | D:3      | Found a runed translucent gate.
  1901 | D:3      | Found a runed translucent gate.
  1902 | D:3      | Found a runed translucent gate.
  1903 | D:3      | Noticed hgbash's ghost (amateur GrCj)
  1957 | D:3      | Found a sacrificial altar of Ru.
  2076 | D:3      | Reached skill level 5 in Unarmed Combat
  2431 | D:4      | Found a snail-covered altar of Cheibriados.
  2433 | D:4      | Found a blossoming altar of Fedhas.
  2475 | D:4      | Found a sparkling altar of Nemelex Xobeh.
  2692 | D:4      | Reached XP level 6. HP: 58/59 MP: 5/5
  2714 | D:4      | Found a bloodstained altar of Trog.
  2978 | D:3      | Became a worshipper of Ru the Awakened
  3032 | D:5      | Entered Level 5 of the Dungeon
  3032 | D:5      | Noticed a hornet
  3036 | D:4      | Gained mutation: You cannot be stealthy. [Ru sacrifice]
  3217 | D:5      | Reached skill level 6 in Unarmed Combat
  3269 | D:5      | Paralysed by a hornet for 3 turns
  3282 | D:5      | Mangled by a hornet

Illustrated notes

Levels and vault maps discovered:
D:1:      spicycebolla_arrival_xxxplode, layout_basic,
          ebering_ecumenical_altar_mist
D:2:      kennysheep_six_static_rooms, layout_basic
D:3:      layout_rooms, nicolae_ru_the_path_less_chosen,
          gammafunk_ghost_necromancy, uniq_terence
D:4:      layout_loops_ring, amcnicky_altar_gilded, bloody_trog,
          mainiacjoe_overflow_large_starburst
D:5:      layout_rooms, nicolae_concentric_dashed_squares_mild,
          chequers_serial_rivers_room_a

Skill      XL: |  1  2  3  4  5  6 |
---------------+-------------------+-----
Dodging        | 3 |  3.6
Unarmed Combat | 4 5 6 |  6.1
Fighting       | 3 |  3.2

Action                     |  1- 3 |  4- 6 || total
---------------------------+-------+-------++-------
  Melee: Unarmed           |    79 |    91 ||   170
 Invoke: Sacrifice Stealth |       |     1 ||     1
 Armour: Robe              |    26 |    23 ||    49
  Dodge: Dodged            |    32 |    49 ||    81

Table legend: (Time is in decaauts)
 A = Elapsed time spent in this place.
 B = Non-inter-level travel time spent in this place.
 C = Inter-level travel time spent in this place.
 D = Time resting spent in this place.
 E = Time spent auto-exploring this place.
 F = Levels seen in this place.
 G = Mean time per level.
                   A        B        C        D        E       F      G
               +--------+--------+--------+--------+--------+-----+--------+
         Total |   3273 |   3044 |    229 |    120 |   2122 |   5 |  654.6 |
       Dungeon |   3273 |   3044 |    229 |    120 |   2122 |   5 |  654.6 |
               +--------+--------+--------+--------+--------+-----+--------+

Top non-repeatable levels by time:
     D:2: 849 daAuts
     D:1: 825 daAuts
     D:4: 746 daAuts
     D:3: 652 daAuts
     D:5: 200 daAuts
